 Dungeon Crawl Stone Soup version 0.26-a0-683-g5206c1d7ac (webtiles) character file.

Game seed: 16071726561633483685

26 Kinoniko the Skirmisher (level 3, 3/40 HPs)
             Began as an Ogre Berserker on Oct 22, 2020.
             Was a Follower of Trog.
             Quit the game on level 2 of the Dungeon.
             The game lasted 00:01:10 (659 turns).

Kinoniko the Skirmisher (Ogre Berserker)             Turns: 659, Time: 00:01:10

Health: 3/40       AC:  3    Str: 21    XL:     3   Next: 8%
Magic:  3/3        EV: 10    Int:  8    God:    Trog [*.....]
Gold:   40         SH:  0    Dex:  9    Spells: 2/2 levels left

rFire    + . .     SeeInvis .   a - +0 mace
rCold    + . .     Faith    .   (no shield)
rNeg     . . .     Spirit   .   b - +0 animal skin
rPois    +         Reflect  .   (helmet restricted)
rElec    +         Harm     .   (no cloak)
rCorr    +         Rampage  .   (gloves unavailable)
MR       +....                  (boots unavailable)
Stlth    +.........             (no amulet)
HPRegen  0.13/turn              (no ring)
MPRegen  0.08/turn              (no ring)

@: lethally poisoned (3 -> -1), resistant, berserk cooldown, slowed, very slow
A: large, unfitting armour, talons 1, magic resistance 1, tough skin 1,
evolution 1
a: Berserk, Renounce Religion


You were on level 2 of the Dungeon.
You worshipped Trog.
Trog was aware of your devotion.
You visited 1 branch of the dungeon, and saw 2 of its levels.

You collected 40 gold pieces.

Inventory:

Hand Weapons
 a - a +0 mace (weapon)
Armour
 b - a +0 animal skin (worn)
Scrolls
 c - 3 scrolls of teleportation {unknown}
 d - a scroll of amnesia {unknown}
 e - 2 scrolls of identify {unknown}
 f - a scroll of remove curse {unknown}
 i - a scroll of fog {unknown}


   Skills:
 * Level 4.7 Fighting
 * Level 3.2 Maces & Flails
 - Level 2.8 Dodging


You had 2 spell levels left.
You didn't know any spells.
Your spell library was empty.

Dungeon Overview and Level Annotations

Branches:
Dungeon (2/15)

Altars:


Innate Abilities, Weirdness & Mutations

You are too large for most types of armour.
You have tough skin. (AC +1)
You have sharp toenails.
You are resistant to hostile enchantments. (MR+)
You evolve.


Message History

You feel a strong urge to attack something.
You are no longer berserk.
Trog's vigour flows through your veins.
You are exhausted.
You feel yourself slow down.
A dart slug comes into view.
It was a potion of mutation.
You feel extremely strange.
You feel resistant to hostile enchantments.
You feel nature experimenting on you.
Don't worry, failures die fast.
Your toenails lengthen and sharpen.
* * * LOW HITPOINT WARNING * * *
You feel sick.
It was a potion of resistance.
You feel protected.
* * * LOW HITPOINT WARNING * * *
You feel sick.
Unknown command.
Quiver which item? (- for none, * to show all) (? for menu, Esc to quit)
Okay, then.
Are you sure you want to abandon this character and quit the game? (Confirm with "yes".)

#.# . #.# .#
###.. .# #
...... .#.
#..#. .w.. ...
.##..##.######.
.......@......#
####..#.#####.#
#.....))...#
+.###......# #
.....#.##
#.#.....#
#.#...### #
#.... #..>.


You could see a dart slug.

Vanquished Creatures
  An ooze (D:1)
  2 hobgoblins
  4 jackals (D:1)
  A ball python (D:1)
  3 bats (D:1)
  2 frilled lizards (D:1)
  A goblin (D:2)
  5 kobolds
  5 rats
24 creatures vanquished.

Notes
Turn   | Place    | Note
-------+----------+-------------------------------------------
     0 | D:1      | Kinoniko the Ogre Berserker began the quest for the Orb.
     0 | D:1      | Reached XP level 1. HP: 24/24 MP: 1/1
    69 | D:1      | Reached XP level 2. HP: 27/32 MP: 2/2
   641 | D:2      | Reached XP level 3. HP: 35/40 MP: 3/3
   657 | D:2      | Gained mutation: You are resistant to hostile enchantments.
                  | (MR+) [potion of mutation]
   657 | D:2      | Gained mutation: You evolve. [potion of mutation]
   657 | D:2      | Gained mutation: You have sharp toenails. [potion of
                  | mutation]
   659 | D:2      | Quit the game

Illustrated notes

Levels and vault maps discovered:
D:1:      roderic_crossed_star, layout_basic
D:2:      layout_basic, nicolae_dithmenos_through_a_glass_darkly,
          old_standard_altar, kennysheep_generic_room_8

Skill      XL: |  1  2 |
---------------+-------+-----
Maces & Flails | 3 |  3.2
Fighting       | |  4.7
Dodging        | |  2.8

Action                   || total
-------------------------++-------
Melee: Mace              ||    75
Invok: Berserk           ||     1
  Use: Potion            ||     2
Armor: Animal skin       ||    23
Dodge: Dodged            ||    41

Table legend: (Time is in decaauts)
 A = Elapsed time spent in this place.
 B = Non-inter-level travel time spent in this place.
 C = Inter-level travel time spent in this place.
 D = Time resting spent in this place.
 E = Time spent auto-exploring this place.
 F = Levels seen in this place.
 G = Mean time per level.
                   A        B        C        D        E       F      G
               +--------+--------+--------+--------+--------+-----+--------+
         Total |    674 |    670 |      4 |    134 |    382 |   2 |  337.0 |
       Dungeon |    674 |    670 |      4 |    134 |    382 |   2 |  337.0 |
               +--------+--------+--------+--------+--------+-----+--------+

Top non-repeatable levels by time:
     D:1: 649 daAuts
     D:2: 24 daAuts
